 Dungeon Crawl Stone Soup version 0.29-a0-1027-gcd8c55af63 (webtiles) character file.

Game seed: 10109073039388510909

661 2tc the Tainter (level 7, -8/41 HPs)
             Began as an Octopode Venom Mage on Aug 12, 2022.
             Was an Initiate of Gozag.
             Mangled by a black bear (11 damage)
             ... on level 5 of the Dungeon.
             The game lasted 00:16:54 (4051 turns).

2tc the Tainter (Octopode Venom Mage)               Turns: 4051, Time: 00:16:55

Health: -8/41      AC:  1    Str:  8    XL:     7   Next: 56%
Magic:  5/10       EV: 17    Int: 17    God:    Gozag
Gold:   461        SH:  0    Dex: 14    Spells: 3/10 levels left

rFire   + . .      SeeInvis .   s - +3 dagger (venom)
rCold   . . .      Faith    .   (no shield)
rNeg    . . .      Spirit   .   (helmet restricted)
rPois   .          Reflect  .   c - amulet of magic regeneration
rElec   .          Harm     .   i - ring of protection from fire
rCorr   .          Rampage  .   l - +4 ring of evasion
Will    .....                   (no ring)
Stlth   +++.......              (no ring)
HPRegen 0.13/turn               (no ring)
MPRegen 0.52/turn               (no ring)
                                (no ring)
                                (no ring)

@: no status effects
A: almost no armour, amphibious, 8 rings, camouflage 1, gelatinous body 1,
(nimble swimmer 1), tentacles
a: Renounce Religion, Potion Petition, Call Merchant, Bribe Branch


You were on level 5 of the Dungeon.
You worshipped Gozag.
Gozag was aware of your devotion.
You visited 1 branch of the dungeon, and saw 5 of its levels.

You collected 461 gold pieces.

Inventory:

Hand Weapons
 d - a +1 dagger
 j - a +1 dagger of venom
 o - the +7 falchion of Jiryt {vorpal, Fly rPois rF- Int+7}
   (You took it off a hobgoblin on level 4 of the Dungeon)

   It inflicts extra damage upon your enemies.
   Int:       It affects your intelligence (+7).
   rF:        It makes you vulnerable to fire.
   rPois:     It protects you from poison.
   Fly:       It grants you flight.
 s - a +3 dagger of venom (weapon)
Missiles
 g - 6 poisoned darts
Armour
 b - an orb of light
Jewellery
 c - an amulet of magic regeneration (around mantle)
 i - a ring of protection from fire (left tentacle)
 l - a +4 ring of evasion (right tentacle)
Wands
 h - a wand of paralysis (6)
 q - a wand of flame (14)
Scrolls
 p - a scroll of silence
Potions
 a - 2 potions of magic
 e - 3 potions of curing
 f - 5 potions of flight
 k - 2 potions of mutation
 m - a potion of attraction
 n - a potion of berserk rage
 r - a potion of heal wounds {unknown}
 t - a potion of lignification {unknown}


   Skills:
 - Level 2.0 Dodging
 - Level 2.6 Stealth
 - Level 2.0 Spellcasting
 + Level 1.1 Transmutations
 - Level 10.2 Poison Magic


You had 3 spell levels left.
You knew the following spells:

 Your Spells              Type           Power      Damage    Failure   Level
a - Sting                 Tmut/Pois      84%        1d7       1%          1
b - Poisonous Vapours     Pois/Air       38%        N/A       3%          2
c - Olgreb's Toxic Radia  Pois           36%        N/A       2%          4

Your spell library contained the following spells:

 Spells                   Type           Power      Damage    Failure   Level
 Spider Form              Tmut/Pois      21%        N/A       5%          3
 Ignite Poison            Fire/Tmut/Pois 14%        N/A       12%         3
 Mephitic Cloud           Conj/Pois/Air  13%        N/A       14%         3
 Ensorcelled Hibernation  Hex/Ice        2%         N/A       28%         2
 Conjure Flame            Conj/Fire      1%         6-21      50%         3
 Anguish                  Hex/Necr       0%         N/A       88%         4
 Sticky Flame             Conj/Fire      1%         2d3       88%         4
 Corpse Rot               Necr/Pois/Air  Unusable   N/A       N/A         4

Dungeon Overview and Level Annotations

Branches:
Dungeon (5/15)
 Temple: D:4-7

Altars:
Cheibriados
Gozag
Kikubaaqudgha
Ru
The Shining One

Annotations:
D:3 2 transporters, BritishOli's ghost, amateur DsGl; Grinder


Innate Abilities, Weirdness & Mutations

You cannot wear most types of armour.
You are amphibious.
You can wear up to eight rings at the same time.
Your skin changes colour to match your surroundings (Stealth+).
Your rubbery body absorbs attacks. (AC +1, EV +1)
((You are camouflaged when in or above water. (Stealth+)))
You have tentacles for arms and can constrict up to eight enemies at once.


Message History

Casting: Poisonous Vapours (safe; 3% risk of failure)
Confirm with . or Enter, or press ? or * to list all spells.
Aiming: Poisonous Vapours (safe; 3% risk of failure)
Press: ? - help, Dir - move target, f/p - black bear
Aim: a black bear (lightly wounded, extremely poisoned) Poisonous vapours surround the black bear!
The black bear looks as sick as possible!
Casting: Poisonous Vapours (safe; 3% risk of failure)
Confirm with . or Enter, or press ? or * to list all spells.
Aiming: Poisonous Vapours (safe; 3% risk of failure)
Press: ? - help, Dir - move target, f/p - black bear
Aim: a black bear (moderately wounded, extremely poisoned) Poisonous vapours surround the black bear!
The black bear looks as sick as possible!
The black bear closely misses you. The black bear claws you.
The black bear closely misses you.
You closely miss the black bear. You grab the black bear.
You squeeze the black bear, but do no damage.
The black bear is moderately wounded.
You constrict the black bear, but do no damage.
The black bear misses you. The black bear closely misses you.
The black bear misses you.
You hit the black bear.
The black bear is heavily wounded.
You constrict the black bear.
The black bear goes berserk!
You hit the black bear.
The black bear is almost dead.
You constrict the black bear. The black bear bites you!
The black bear barely misses you. The black bear misses you.
The black bear bites you! The black bear closely misses you.
The black bear claws you.
* * * LOW HITPOINT WARNING * * *
You release your grip on the black bear.
The black bear attacks as you move away!
The black bear bites you!
* * * LOW HITPOINT WARNING * * *
The black bear barely misses you. The black bear closely misses you.
The black bear bites you!
You die...
Your body crumbles into a pile of gold.

...# ...# ##. #. ....
..[###+.##.#+/########....
..........................
..........................
..........................
..........................
..........................
................@h........
..........................
.......########'####.$...>
.......#...........#......
.<.....#...........# .....
.......#...........+ .....
.......#...........# ....
.......##+##.##.#### ....
####'#.....#.##.#


You could see a black bear (berserk, extremely poisoned).

Vanquished Creatures
  2 ogres (D:5)
  Blork the orc (D:4)
  A howler monkey (D:4)
  A hound (D:3)
  2 orc priests (D:5)
  Crazy Yiuf (D:4)
  Jessica (D:3)
  Ijyb (D:4)
  3 orc wizards (D:5)
  4 adders
  An ufetubus (D:4)
  A worm (D:2)
  2 dart slugs
  12 orcs
  8 ball pythons
  2 bats (D:3)
  7 endoplasms
  7 giant cockroaches
  8 hobgoblins
  2 jackals (D:1)
  5 kobolds
  4 quokkas
  7 frilled lizards
  7 goblins
  9 rats
99 creatures vanquished.

Notes
Turn   | Place    | Note
-------+----------+-------------------------------------------
     0 | D:1      | 2tc the Octopode Venom Mage began the quest for the Orb.
     0 | D:1      | Reached XP level 1. HP: 11/11 MP: 3/3
    24 | D:1      | Reached skill level 4 in Poison Magic
   103 | D:1      | Reached XP level 2. HP: 17/17 MP: 3/5
   118 | D:1      | Learned a level 2 spell: Poisonous Vapours
   590 | D:1      | Reached skill level 5 in Poison Magic
   590 | D:1      | Reached XP level 3. HP: 21/21 MP: 6/6
  1196 | D:2      | Found a sacrificial altar of Ru.
  1632 | D:3      | Found a transporter.
  1644 | D:3      | Noticed BritishOli's ghost (amateur DsGl)
  1647 | D:3      | Identified the +2 great mace "Dragon's Tongue" {flame, rF-
                  | rCorr MP+9}
  1647 | D:3      | Noticed an ogre
  1657 | D:3      | Noticed an ogre
  1660 | D:3      | Found a transporter.
  1696 | D:3      | Reached XP level 4. HP: 23/27 MP: 3/7
  2021 | D:3      | Noticed Grinder
  2076 | D:3      | Reached skill level 6 in Poison Magic
  2098 | D:3      | Found a faded altar of an unknown god.
  2112 | D:3      | Prayed at the altar of an unknown god.
  2112 | D:3      | Became a worshipper of Gozag Ym Sagoz the Greedy
  2227 | D:3      | Reached XP level 5. HP: 23/31 MP: 2/8
  2269 | D:3      | Noticed Jessica
  2360 | D:3      | Found a glowing golden altar of the Shining One.
  2369 | D:3      | Found a snail-covered altar of Cheibriados.
  2468 | D:3      | Killed Jessica
  2469 | D:3      | Reached skill level 7 in Poison Magic
  2772 | D:4      | Learned a level 4 spell: Olgreb's Toxic Radiance
  2882 | D:4      | Noticed Ijyb
  2931 | D:4      | Reached XP level 6. HP: 36/36 MP: 9/9
  3099 | D:4      | Found an ancient bone altar of Kikubaaqudgha.
  3099 | D:4      | Identified the +7 falchion of Jiryt {vorpal, Fly rPois rF-
                  | Int+7}
  3140 | D:4      | Found a runed translucent door.
  3141 | D:4      | Noticed Crazy Yiuf
  3220 | D:4      | Noticed Blork the orc
  3233 | D:4      | Killed Blork the orc
  3234 | D:4      | Reached skill level 8 in Poison Magic
  3564 | D:4      | Killed Ijyb
  3682 | D:4      | Killed Crazy Yiuf
  3720 | D:5      | Entered Level 5 of the Dungeon
  3725 | D:5      | Reached skill level 9 in Poison Magic
  3725 | D:5      | Reached XP level 7. HP: 31/41 MP: 3/10
  3912 | D:5      | Reached skill level 10 in Poison Magic
  4051 | D:5      | Mangled by a black bear

Illustrated notes

Levels and vault maps discovered:
D:1:      dpeg_arrival_prison, layout_rooms, chequers_decorated_corner,
          minmay_tetromino_s2
D:2:      layout_basic, basic_altar
D:3:      layout_rooms, mainiacjoe_overflow_swirl,
          ebering_ecumenical_altar_mist, gammafunk_ghost_smash, uniq_grinder,
          uniq_jessica
D:4:      layout_basic, general_overflow_altar, hex_tiny, kennysheep_nub,
          uniq_crazy_yiuf_cottage, uniq_blork_the_orc, uniq_ijyb
D:5:      layout_gridville, nicolae_gozag_seed_capital,
          nicolae_overflow_hallway_of_the_gods,
          nicolae_qazlal_general_emergency, minmay_temple_entry_large_hall

Skill      XL: |  1  2  3  4  5  6  7 |
---------------+----------------------+-----
Poison Magic   | 4 5 6 7 9 10 | 10.2
Dodging        | |  2.0
Stealth        | |  2.6
Spellcasting   | |  2.0
Transmutations | |  1.1

Action                   |  1- 3 |  4- 6 |  7- 9 || total
-------------------------+-------+-------+-------++-------
Melee: Unarmed           |    23 |       |       ||    23
       Constrict         |    19 |    19 |     2 ||    40
       Dagger            |    31 |    62 |    11 ||   104
       Tentacles         |     4 |    19 |     3 ||    26
 Cast: Sting             |    40 |    27 |     2 ||    69
       Poisonous Vapours |     5 |    11 |     9 ||    25
       Olgreb's Toxic Ra |       |     5 |     1 ||     6
Evoke: Wand              |       |     1 |       ||     1
  Use: Scroll            |     6 |     4 |       ||    10
 Stab: Sleeping          |     6 |     8 |     1 ||    15
       Paralysed         |       |     1 |       ||     1
Armor: Skin              |     5 |     9 |       ||    14
Dodge: Dodged            |    38 |    56 |    15 ||   109

Table legend: (Time is in decaauts)
 A = Elapsed time spent in this place.
 B = Non-inter-level travel time spent in this place.
 C = Inter-level travel time spent in this place.
 D = Time resting spent in this place.
 E = Time spent auto-exploring this place.
 F = Levels seen in this place.
 G = Mean time per level.
                   A        B        C        D        E       F      G
               +--------+--------+--------+--------+--------+-----+--------+
         Total |   4047 |   3943 |    104 |     61 |   3014 |   5 |  809.4 |
       Dungeon |   4047 |   3943 |    104 |     61 |   3014 |   5 |  809.4 |
               +--------+--------+--------+--------+--------+-----+--------+

Top non-repeatable levels by time:
     D:4: 1188 daAuts
     D:3: 905 daAuts
     D:1: 830 daAuts
     D:2: 792 daAuts
     D:5: 330 daAuts
